 Dungeon Crawl Stone Soup version 0.23-a0-80-gc95c2c7 (webtiles) character file.

11 Amnesiac the Gusty (level 2, 0/19 HPs)
             Began as a Mummy Air Elementalist on Aug 13, 2018.
             Slain by a hound (1 damage)
             ... on level 4 of the Dungeon.
             The game lasted 00:01:23 (584 turns).

Amnesiac the Gusty (Mummy Air Elementalist)          Turns: 584, Time: 00:01:25

Health: 0/19       AC:  6    Str: 11    XL:     2   Next: 13%
Magic:  1/5        EV: 12    Int: 14    God:
Gold:   19         SH:  0    Dex: 12    Spells: 5/6 levels left

rFire    x . .     SeeInvis .   (no weapon)
rCold    + . .     Gourm    .   (no shield)
rNeg     + + +     Faith    .   a - +0 robe
rPois    ∞         Spirit   .   e - +2 hat
rElec    .         Reflect  .   d - +0 cloak
rCorr    .         Harm     .   b - +0 pair of gloves
MR       .....                  (no boots)
Stlth    ++........             (no amulet)
HPRegen  0.06/turn              (no ring)
MPRegen  0.09/turn              (no ring)

@: very slightly contaminated
A: no food or potions, fire vulnerability, cold resistance 1, negative energy
resistance 3, torment resistance, unbreathing
a: no special abilities


You were on level 4 of the Dungeon.
You were not hungry.

You visited 1 branch of the dungeon, and saw 4 of its levels.

You collected 19 gold pieces.

Inventory:

Armour
 a - a +0 robe (worn)
 b - a +0 pair of gloves (worn)
 d - a +0 cloak (worn)
 e - a +2 hat (worn)
Scrolls
 c - a scroll of identify {!r, unknown}


   Skills:
 - Level 1.5 Dodging
 - Level 1.5 Stealth
 + Level 2.9 Spellcasting
 - Level 0.7 Conjurations
 * Level 2.9 Air Magic


You had 5 spell levels left.
You knew the following spells:

 Your Spells              Type           Power        Failure   Level  Hunger
a - Shock                 Conj/Air       #...         11%         1    N/A

Your spell library contained the following spells:

 Spells                   Type           Power        Failure   Level  Hunger
 Lightning Bolt           Conj/Air       #.........   96%         5    N/A
 Swiftness                Chrm/Air       #.......     19%         2    N/A
 Airstrike                Air            ##........   54%         4    N/A
 Static Discharge         Conj/Air       #.......     30%         3    N/A

Dungeon Overview and Level Annotations

Branches:
Dungeon (4/15)
 Temple: D:4-7

Altars:


Innate Abilities, Weirdness & Mutations

You do not eat or drink.
Your flesh is vulnerable to fire.
You are immune to poison.
Your flesh is cold resistant. (rC+)
You are immune to negative energy. (rN+++)
You are immune to unholy pain and torment.
You can survive without breathing.


Message History

You closely miss the hound.
The hound is almost dead.
The hound closely misses you.
You hit the hound but do no damage.
The hound is almost dead.
The hound misses you. The hound bites you but does no damage.
You completely miss the hound.
The hound is almost dead.
The hound closely misses you.
You miss the hound.
The hound is almost dead.
The hound bites you. The hound bites you but does no damage.
You closely miss the hound.
The hound is severely wounded.
The hound bites you but does no damage.
Casting: Shock (safe; 11% risk of failure)
Confirm with . or Enter, or press ? or * to list all spells.
Aiming: Shock (safe; 11% risk of failure)
Press: ? - help, Shift-Dir - straight line You miscast Shock.
You hear a whooshing sound.
The hound bites you.
* * * LOW HITPOINT WARNING * * *
The hound closely misses you.
Unknown command.
You miss the hound.
The hound is severely wounded.
The hound closely misses you.
You hit the hound but do no damage.
The hound is severely wounded.
The hound bites you but does no damage. The hound barely misses you.
You miss the hound.
The hound is severely wounded.
The hound misses you.
You hit the hound but do no damage.
The hound is severely wounded.
The hound bites you.
* * * LOW HITPOINT WARNING * * *
The hound closely misses you.
You completely miss the hound.
The hound is severely wounded.
The hound closely misses you.
The orc jeers loudly, as Orcs often do.
You hit the hound.
The hound is almost dead.
The hound misses you. The hound bites you.
* * * LOW HITPOINT WARNING * * *
You closely miss the hound.
The hound is almost dead.
The hound barely misses you.
You aren't carrying any items that you can evoke.
Unknown command.
Unknown command.
Okay, then.
You barely miss the hound.
The hound is almost dead.
The hound barely misses you. The hound bites you but does no damage.
You hit the hound but do no damage.
The hound is almost dead.
The hound bites you but does no damage.
You miss the hound.
The hound is almost dead.
The hound bites you.
You die...

#.#
#.#
#.#
#.#
#.#
#.##
#..#
##h#
#@<#
#..#
#..#
####


You could see a hound.

Vanquished Creatures
  A ball python (D:1)
  A giant cockroach (D:1)
  3 goblins (D:1)
  2 jackals (D:3)
  A frilled lizard (D:1)
  A kobold (D:1)
9 creatures vanquished.

Notes
Turn   | Place    | Note
-------+----------+-------------------------------------------
     0 | D:1      | Amnesiac the Mummy Air Elementalist began the quest for the Orb.
     0 | D:1      | Reached XP level 1. HP: 13/13 MP: 4/4
   233 | D:1      | Reached XP level 2. HP: 3/19 MP: 0/5
   584 | D:4      | Slain by a hound

Vault maps used:
D:1:      nicolae_arrival_somewhat_less_tricky_arrival
D:2:      lemuel_doored_altar
D:4:      nicolae_ossuary_entry_giza, minivault_27, st_stairs_10, bloody_trog

Action                   || total
-------------------------++-------
Melee: Unarmed           ||    24
 Cast: Shock             ||    22
Armor: Robe              ||    17
Dodge: Dodged            ||    33

Table legend:
 A = Non-vault XP
 B = Vault XP
 C = Vault XP percentage of total XP
 D = Non-vault monster count
 E = Vault monster count
 F = Vault count percentage of total count
 G = Total turns spent on level
                 A         B        C        D         E       F
            +---------+---------+-------+---------+---------+-------
      Total |      16 |       0 |   0.0 |       9 |       0 |   0.0
            +---------+---------+-------+---------+---------+-------
        D:1 |      12 |       0 |   0.0 |       7 |       0 |   0.0
        D:3 |       4 |       0 |   0.0 |       2 |       0 |   0.0
            +---------+---------+-------+---------+---------+-------
